 Dungeon Crawl Stone Soup version 0.18.1-48-g4cf74bf (webtiles) character file.

477 dvd the Ducker (level 6, 0/62 HPs)
             Began as a Troll Berserker on Aug 2, 2016.
             Was a Believer of Trog.
             Slain by a gnoll sergeant
             ... wielding a +0 spear
              (9 damage)
             ... on level 5 of the Dungeon.
             The game lasted 00:08:05 (2862 turns).

dvd the Ducker (Troll Berserker)                    Turns: 2862, Time: 00:08:05

Health: 0/62       AC:  8    Str: 26    XL:     6   Next: 85%
Magic:  5/5        EV: 11    Int:  3    God:    Trog [**....]
Gold:   162        SH:  0    Dex: 11    Spells: 0 memorised, 5 levels left

rFire  . . .     SeeInvis .     w - +0 flail
rCold  . . .     Gourm    +     b - +0 animal skin
rNeg   . . .     Faith    .     (no shield)
rPois  +         Spirit   .     (helmet restricted)
rElec  .         Dismiss  .     (no cloak)
rCorr  .         Reflect  .     (gloves unavailable)
SustAt .         Harm     .     (boots unavailable)
MR     ++...                    s - amulet of magic regeneration
Stlth  +.........               u - ring of poison resistance
                                j - +3 ring of protection

@: exhausted, regenerating, slowed, very slow, very resistant to hostile
enchantments, very unstealthy
A: unfitting armour, claws 3, fast metabolism 3, gourmand, regeneration 2,
shaggy fur 1, tough skin 2
a: Berserk, Trog's Hand, Burn Spellbooks, Renounce Religion


You were on level 5 of the Dungeon.
You worshipped Trog.
Trog was pleased with you.
You were not hungry.

You visited 2 branches of the dungeon, and saw 6 of its levels.

You collected 162 gold pieces.

Inventory:

Hand Weapons
 a - a +0 mace
 v - a +0 battleaxe
 w - a +0 flail (weapon)
Missiles
 l - 73 stones (quivered)
 p - 4 tomahawks
Armour
 b - a +0 animal skin (worn)
Jewellery
 j - a +3 ring of protection (left claw)
 s - an amulet of magic regeneration (around neck)
 t - an uncursed ring of fire
 u - a ring of poison resistance (right claw)
Wands
 k - a wand of acid (8/15)
 m - a wand of teleportation (0/9)
Scrolls
 f - 3 scrolls of identify {unknown}
 n - a scroll of enchant armour {unknown}
 o - 2 scrolls of amnesia {unknown}
 q - a scroll of enchant weapon {unknown}
 r - a scroll of fear {unknown}
 x - a scroll of teleportation {unknown}
Potions
 d - 2 potions of flight {unknown}
 e - 2 potions of curing {unknown}
 g - 3 potions of degeneration {unknown}
Comestibles
 c - 4 bread rations
 h - 2 meat rations
 i - a slice of pizza


   Skills:
 + Level 3.7 Fighting
 + Level 4.1 Maces & Flails
 + Level 4.8 Dodging
 + Level 0.5 Stealth


You had 5 spell levels left.
You didn't know any spells.

Dungeon Overview and Level Annotations

Branches:
Dungeon (5/15)             Temple (1/1) D:4

Altars:
Ashenzari
Cheibriados
Elyvilon
Gozag
Kikubaaqudgha
Nemelex Xobeh
Okawaru
Pakellas
Sif Muna
Vehumet
Xom
Yredelemnul
Zin

Shops:
D:4 *


Innate Abilities, Weirdness & Mutations

You are too large for most types of armour.
You have claws for hands.
Your metabolism is lightning-fast.
You like to eat raw meat.
You heal very quickly.
You are covered in fur (AC +1).
You have very tough skin (AC +2).


Message History

You hit the gnoll.
You kill the gnoll!
Trog accepts your kill.
The gnoll sergeant hits you with a spear.
The gnoll sergeant hits you but does no damage.
The gnoll sergeant closely misses you.
You see here a flail.
The gnoll sergeant hits you from afar with a spear!
* * * LOW HITPOINT WARNING * * *
The gnoll sergeant hits you but does no damage.
The gnoll sergeant barely misses you.
The gnoll sergeant hits you with a spear!
* * * LOW HITPOINT WARNING * * *
Your skin crawls.
You feel resistant to hostile enchantments.
You feel slightly more hungry. The gnoll sergeant barely misses you.
You barely miss the gnoll sergeant.
The gnoll sergeant is moderately wounded.
The gnoll sergeant hits you with a spear!
You die...

#..........#
##..........#
####...........#
..............<#
#######.########
#........#
##)......#
##)g.....#
.####..@.....#
..............#
...####.......#
. #.......#
#.......#
........#
.........#
.........#
#.........#


You could see a gnoll sergeant.

Vanquished Creatures
  Sigmund (D:2)
  Blork the orc (D:4)
  A crimson imp (D:5)
  An iguana (D:3)
  Natasha (thrice) (D:2)
  A hound zombie (D:4)
  3 gnolls (D:5)
  An adder (D:3)
  A dart slug (D:1)
  A giant gecko (D:2)
  6 orcs
  7 bats
  4 giant cockroaches
  8 goblins
  7 hobgoblins
  8 kobolds
  2 ball pythons
  A giant gecko skeleton (D:4)
  A giant newt (D:2)
  11 rats
69 creatures vanquished.

Notes
Turn   | Place    | Note
--------------------------------------------------------------
     0 | D:1      | dvd the Troll Berserker began the quest for the Orb.
     0 | D:1      | Reached XP level 1. HP: 22/22 MP: 0/0
   175 | D:1      | Reached XP level 2. HP: 29/29 MP: 1/1
   483 | D:1      | Reached ** piety under Trog
   551 | D:1      | Reached XP level 3. HP: 36/36 MP: 2/2
   948 | D:2      | Noticed Natasha
   955 | D:2      | Killed Natasha
  1029 | D:2      | Noticed Natasha
  1038 | D:2      | Killed Natasha
  1038 | D:2      | Reached XP level 4. HP: 41/45 MP: 3/3
  1096 | D:2      | Noticed Sigmund
  1102 | D:2      | Killed Sigmund
  1102 | D:2      | Reached XP level 5. HP: 53/53 MP: 4/4
  1203 | D:2      | Noticed Natasha
  1212 | D:2      | Killed Natasha
  1219 | D:2      | Reached XP level 6. HP: 53/61 MP: 5/5
  1929 | D:3      | Found an opulent altar of Gozag.
  2032 | D:4      | Noticed Blork the orc
  2046 | D:4      | Killed Blork the orc
  2291 | D:4      | Found Vieczoge's General Store.
  2670 | D:4      | Found a staircase to the Ecumenical Temple.
  2676 | Temple   | Entered the Ecumenical Temple
  2790 | D:5      | Entered Level 5 of the Dungeon
  2862 | D:5      | Slain by a gnoll sergeant

Skill      XL: |  1  2  3  4  5  6 |
---------------+-------------------+-----
Maces & Flails | 3 4 |  4.1
Dodging        | 3 4 |  4.8
Fighting       | 3 |  3.7
Stealth        | |  0.5

Action                   |  1- 3 |  4- 6 || total
-------------------------+-------+-------++-------
Melee: Mace              |   111 |   107 ||   218
       Flail             |       |    54 ||    54
Invok: Berserk           |       |     3 ||     3
       Trog's Hand       |       |     1 ||     1
 Stab: Sleeping          |     1 |     1 ||     2
  Eat: Chunk             |    10 |    18 ||    28
Armor: Animal skin       |    47 |    65 ||   112
Dodge: Dodged            |    69 |   118 ||   187
